 Dungeon Crawl Stone Soup version 0.23-a0-650-ga4d50d4d25 (webtiles) character file.

54971 Flugkiller the Spear-Bearer (level 14, -14/101 HPs)
             Began as an Octopode Fighter on Jan 6, 2019.
             Was an Initiate of Gozag.
             Killed from afar by a gargoyle (30 damage)
             ... with a stone arrow
             ... on level 14 of the Dungeon.
             The game lasted 01:50:54 (44877 turns).

Flugkiller the Spear-Bearer (Octopode Fighter)     Turns: 44877, Time: 01:50:54

Health: -14/101    AC:  1    Str: 13    XL:     14   Next: 75%
Magic:  26/26      EV: 21    Int: 20    God:    Gozag
Gold:   1088       SH: 12    Dex: 19    Spells: 23/30 levels left

rFire    + . .     SeeInvis +   a - +1 trident
rCold    . . .     Gourm    .   b - +0 shield
rNeg     + . .     Faith    .   (helmet restricted)
rPois    .         Spirit   .   q - amulet of the Tired Tales {RegenMP rF++ rC- Int+6}
rElec    +         Reflect  .   A - ring of see invisible
rCorr    .         Harm     .   v - ring of protection from magic
MR       +++++                  B - ring of protection from magic
Stlth    +++.......             k - ring of the Empty Page {+Fly rElec Str-3 Dex+4}
HPRegen  0.26/turn              O - ring of the Mage {Wiz MR++ Int+3}
MPRegen  0.45/turn              j - ring of positive energy
                                H - ring of ice
                                (no ring)

@: gold aura, very slightly contaminated, invisible
A: almost no armour, stealthy swim, amphibious, 8 rings, constrict 8, camouflage
1, gelatinous body 1
a: Potion Petition, Call Merchant, Bribe Branch, Renounce Religion, Evoke Flight


You were on level 14 of the Dungeon.
You worshipped Gozag.
Gozag was most pleased with you.
You were hungry.

You visited 3 branches of the dungeon, and saw 22 of its levels.

You collected 4923 gold pieces.
You spent 2532 gold pieces at shops.
You paid 1303 gold pieces to Gozag.

Inventory:

Hand Weapons
 a - a +1 trident (weapon)
 G - a +1 morningstar of draining
   (You took it off an orc on level 8 of the Dungeon)
Missiles
 n - 352 stones (quivered)
 I - 6 tomahawks
Armour
 b - a +0 shield (worn)
 C - a +0 large shield
   (You found it on level 7 of the Dungeon)
Magical Staves
 w - an uncursed staff of cold
   (You found it on level 3 of the Lair of Beasts)
 F - an uncursed staff of power
   (You found it on level 4 of the Lair of Beasts)
Jewellery
 j - a ring of positive energy (on tentacle)
   (You found it on level 2 of the Lair of Beasts)
 k - the ring of the Empty Page (on tentacle) {+Fly rElec Str-3 Dex+4}
   (You acquired it on level 7 of the Dungeon)

   [ring of flight]

   It affects your strength (-3).
   It affects your dexterity (+4).
   It insulates you from electricity.
   It lets you fly.
 l - an uncursed amulet of the acrobat
   (You took it off an orc on level 3 of the Dungeon)
 q - the amulet of the Tired Tales (around mantle) {RegenMP rF++ rC- Int+6}
   (You found it on level 10 of the Dungeon)

   [amulet of magic regeneration]

   It increases your magic regeneration.
   It affects your intelligence (+6).
   It greatly protects you from fire.
   It makes you vulnerable to cold.
 v - a ring of protection from magic (right tentacle)
   (You found it on level 5 of the Dungeon)
 A - a ring of see invisible (left tentacle)
   (You found it on level 6 of the Dungeon)
 B - a ring of protection from magic (on tentacle)
   (You found it on level 7 of the Dungeon)
 H - a ring of ice (on tentacle)
   (You took it off an orc on level 9 of the Dungeon)
 J - the macabre finger necklace {rN+}
   (You found it on level 3 of the Lair of Beasts)

   [amulet of nothing]

   It protects you from negative energy.
 O - the ring of the Mage (on tentacle) {Wiz MR++ Int+3}
   (You bought it in a shop on level 4 of the Lair of Beasts)

   [ring of wizardry]

   It improves your spell success rate.
   It affects your intelligence (+3).
   It affects your resistance to hostile enchantments.
Wands
 M - a wand of acid (5)
   (You found it on level 11 of the Dungeon)
 Q - a wand of flame (1)
   (You took it off an orc warrior on level 12 of the Dungeon)
Scrolls
 f - 7 scrolls of enchant armour
 g - 2 scrolls of teleportation
 i - 3 scrolls of amnesia
 m - 2 scrolls of immolation
 u - 2 scrolls of enchant weapon
 x - 5 scrolls of remove curse
 y - 4 scrolls of magic mapping
 D - 2 scrolls of fog
 N - 3 scrolls of identify
Potions
 c - 3 potions of might
 e - 3 potions of curing
 h - 4 potions of flight
 o - 3 potions of mutation
 p - 4 potions of lignification
 s - 3 potions of brilliance
 t - 2 potions of agility
 z - a potion of cancellation
 E - 3 potions of haste
 L - a potion of heal wounds
 R - a potion of ambrosia
Miscellaneous
 P - a lightning rod (2/4)
   (You found it on level 3 of the Lair of Beasts)
Comestibles
 d - 4 rations


   Skills:
 - Level 11.0 Fighting
 - Level 12.5 Polearms
 - Level 11.0 Dodging
 - Level 10.0 Shields
 + Level 8.7 Spellcasting
 + Level 9.5 Summonings
 - Level 4.0 Ice Magic


You had 23 spell levels left.
You knew the following spells:

 Your Spells              Type           Power        Failure   Level  Hunger
a - Call Canine Familiar  Summ           #####...     1%          3    None
b - Summon Ice Beast      Ice/Summ       ######..     3%          4    ###....

Your spell library contained the following spells:

 Spells                   Type           Power        Failure   Level  Hunger
 Summon Butterflies       Summ           #####...     1%          1    None
 Corona                   Hex            #......      6%          1    None
 Magic Dart               Conj           #...         6%          1    None
 Shock                    Conj/Air       #...         6%          1    None
 Sting                    Conj/Pois      #...         6%          1    None
 Blink                    Tloc           N/A          9%          2    None
 Poisonous Vapours        Pois/Air       #.....       9%          2    None
 Searing Ray              Conj           #.....       9%          2    None
 Shroud of Golubria       Chrm/Tloc      #.........   9%          2    None
 Slow                     Hex            #.......     9%          2    None
 Swiftness                Chrm/Air       #.......     9%          2    None
 Dazzling Spray           Conj/Hex       #.....       17%         3    None
 Gell's Gravitas          Tloc           #.........   17%         3    None
 Inner Flame              Hex/Fire       #.......     17%         3    None
 Lesser Beckoning         Tloc           #.........   17%         3    None
 Mephitic Cloud           Conj/Pois/Air  #.......     17%         3    None
 Portal Projectile        Hex/Tloc       #.....       17%         3    None
 Static Discharge         Conj/Air       #.......     17%         3    None
 Teleport Other           Tloc           #.......     17%         3    None
 Summon Mana Viper        Hex/Summ       ####....     22%         5    #####..
 Airstrike                Air            #.........   47%         4    ###....
 Cause Fear               Hex            #.........   47%         4    ###....
 Force Lance              Conj/Tloc      #.......     47%         4    ###....
 Fulminant Prism          Conj/Hex       #.........   47%         4    ###....
 Iskenderun's Mystic Bla  Conj           #.......     47%         4    ###....
 Leda's Liquefaction      Hex/Erth       #.........   47%         4    ###....
 Passage of Golubria      Tloc           N/A          47%         4    ###....
 Monstrous Menagerie      Summ           #####.....   65%         7    #######
 Summon Greater Demon     Summ           #####.....   65%         7    #######
 Summon Hydra             Summ           #####.....   65%         7    #######
 Lightning Bolt           Conj/Air       #.........   82%         5    #####..
 Venom Bolt               Conj/Pois      #.........   82%         5    #####..
 Malign Gateway           Summ/Tloc      ####......   99%         7    #######
 Summon Horrible Things   Summ           #####.....   99%         8    #######
 Shatter                  Erth           #.........   100%        9    #######


Dungeon Overview and Level Annotations

Branches:
Dungeon (15/15)            Temple (1/1) D:4            Lair (6/6) D:11
  Swamp (0/4) Lair:2       Spider (0/4) Lair:4        Slime (0/5) Lair:5
    Orc (0/2) D:9          Depths (0/5) D:15
 Vaults: D:13-14

Altars:
Ashenzari
Cheibriados
Dithmenos
Elyvilon
Fedhas
Gozag
Hepliaklqana
Kikubaaqudgha
Nemelex Xobeh
Okawaru
Qazlal
Ru
Sif Muna
Trog
Uskayaw
Vehumet
Wu Jian
Xom
Yredelemnul
Zin
The Shining One
Beogh

Shops:
D:7 *   D:10 :   Lair:4 =

Annotations:
D:6 exclusion: downstairs, Grinder
D:10 1 exclusion
D:11 exclusion: door
Lair:2 1 runed door, exclusion: 3 oklob plants, IsvaffelMax's ghost, journeyman TrCK
Lair:4 exclusion: downstairs
Lair:5 exclusion: downstairs


Innate Abilities, Weirdness & Mutations

You cannot wear most types of armour.
You are very stealthy in the water. (Stealth+)
You are amphibious.
You can wear up to eight rings at the same time.
You can use your tentacles to constrict eight enemies at once.
Your skin changes colour to match your surroundings (Stealth+).
Your rubbery body absorbs attacks. (AC +1, EV +1)


Message History

You squeeze the gargoyle, but do no damage.
The gargoyle is lightly damaged.
You constrict the gargoyle, but do no damage.
The gargoyle struggles to escape constriction.
Unknown command.
You hit the gargoyle but do no damage.
The gargoyle is lightly damaged.
You constrict the gargoyle, but do no damage.
The gargoyle hits you with a +0 mace.
* * * LOW HITPOINT WARNING * * *
You catch the helpless gargoyle completely off-guard!
You hit the gargoyle but do no damage.
The gargoyle is lightly damaged.
You constrict the gargoyle, but do no damage.
Unknown command.
You catch the helpless gargoyle completely off-guard!
You hit the gargoyle but do no damage.
The gargoyle is lightly damaged.
You constrict the gargoyle. The gargoyle closely misses you.
Unknown command.
You hit the gargoyle but do no damage. You squeeze the gargoyle.
The gargoyle is moderately damaged.
You constrict the gargoyle, but do no damage.
Unknown command.
You hit the gargoyle but do no damage.
You squeeze the gargoyle, but do no damage.
The gargoyle is moderately damaged.
You constrict the gargoyle, but do no damage.
You block the gargoyle's attack.
Unknown command.
You puncture the gargoyle!
The gargoyle is severely damaged.
You constrict the gargoyle, but do no damage.
Unknown command.
You hit the gargoyle but do no damage.
You squeeze the gargoyle, but do no damage.
The gargoyle is severely damaged.
You constrict the gargoyle.
The gargoyle hurls a stone arrow at you.
You block the stone arrow.
Unknown command.
You strike the helpless gargoyle from behind!
You hit the gargoyle but do no damage.
You squeeze the gargoyle, but do no damage.
The gargoyle is severely damaged.
You constrict the gargoyle, but do no damage.
The gargoyle hurls a stone arrow at you.
The stone arrow hits you!
You die...
Your body crumbles into a pile of gold.

*,,* *,,*
*,,,,,,,,,,
*,,*****#..#
*,,****,,**
*,,,,,,,...#
*,,* *,,*
*,,,,,,,...#
*,,* *,,*
*,,*****#..#
*,,****,,**
*,,* #..#
*,,,,,,,,,,
*,,* #..#
*,,,,,,,,,,
*..######..#
*,,*******,
*........@$#
*,,* *,
*.......9..#
*,,* *,
*..######..#
*,,* *, *,,*
#..# *,,* *,
*,,* #..#
*,,* *, *,,*
#..# *,,* *,
*,,* #..#
*,,* *, ****
#### **** **


You could see a gargoyle.

Vanquished Creatures
  Kirke (D:12)
  An orc warlord (D:12)
  Azrael (D:13)
  Erolcha (D:12)
  Fannar (Lair:2)
  2 centaur warriors (D:15)
  10 death yaks
  2 two-headed ogres
  An orc high priest (D:12)
  A fire crab (Lair:5)
  3 unseen horrors
  2 orc knights (D:12)
  A deep elf mage (D:14)
  An orc sorcerer (D:12)
  3 ugly things (D:12)
  2 manticores (D:13)
  An elephant (Lair:5)
  4 centaur zombies
  3 black mambas
  A torpor snail (Lair:4)
  Psyche (D:9)
  An ice statue (Lair:3)
  2 gargoyles
  6 spiny frogs
  A rime drake (Lair:5)
  6 komodo dragons
  3 jumping spiders (Lair:4)
  A queen bee (Lair:1)
  2 polar bears (Lair:5)
  4 trolls
  3 hornets
  A harpy skeleton (D:15)
  19 blink frogs
  11 hippogriffs
  Sigmund (D:6)
  3 redbacks (Lair:4)
  31 yaks
  A spriggan (D:7)
  3 fire elementals (D:13)
  3 hogs (D:13)
  2 basilisks (D:13)
  A steam dragon (D:12)
  4 acid dragons
  A soldier ant (D:12)
  7 water moccasins
  3 hell hounds (D:13)
  12 porcupines
  16 orc warriors
  3 sky beasts
  3 ice beasts
  A black bear (Lair:5)
  A necrophage (D:9)
  An eye of draining (D:13)
  A phantom (D:11)
  9 wolves
  5 centaurs
  5 ogres
  5 crocodiles
  Blork the orc (D:6)
  17 bullfrogs
  2 big kobolds
  2 wyvern zombies
  A water moccasin zombie (D:8)
  A wyvern skeleton (D:13)
  4 scorpions
  7 wights
  25 killer bees
  2 electric eels
  5 howler monkeys
  2 crimson imps
  4 bullfrog zombies
  12 orc priests
  5 centaur skeletons
  7 hounds
  5 bullfrog skeletons
  9 jellies
  16 orc wizards
  2 iguanas
  Terence (D:3)
  4 worker ants
  A hound zombie (D:5)
  A hound skeleton (D:6)
  A worker ant zombie (D:5)
  A howler monkey skeleton (D:9)
  7 adders
  4 gnolls (D:6)
  4 shadow imps
  4 oozes
  4 adder skeletons
  3 adder zombies (D:5)
  3 dart slugs
  A worm (D:2)
  5 leopard geckos
  31 orcs
  6 giant cockroaches
  6 goblins
  8 hobgoblins
  7 jackals
  16 kobolds
  7 quokkas
  4 ball pythons
  8 bats
  3 frilled lizards
  2 leopard gecko skeletons
  4 leopard gecko zombies (D:5)
  2 quokka skeletons
  A quokka zombie (D:6)
  20 rats
  A fungus (Lair:3)
524 creatures vanquished.

Vanquished Creatures (collateral kills)
  A tengu warrior (D:15)
  A manticore (D:12)
  An ugly thing (D:13)
  A centaur skeleton (D:13)
  A yak (Lair:5)
  A wraith (D:13)
  An orc warrior (D:12)
  6 killer bees (Lair:1)
  A worker ant (D:13)
14 creatures vanquished.

Vanquished Creatures (others)
  A cyclops (D:15)
  A porcupine (Lair:5)
  An orc wizard (D:3)
  2 bushes
  12 fungi
  16 plants
33 creatures vanquished.

Grand Total: 571 creatures vanquished

Notes
Turn   | Place    | Note
-------+----------+-------------------------------------------
     0 | D:1      | Flugkiller the Octopode Fighter began the quest for the
                  | Orb.
     0 | D:1      | Reached XP level 1. HP: 16/16 MP: 1/1
   121 | D:1      | Reached XP level 2. HP: 21/21 MP: 2/2
   288 | D:1      | Reached skill level 3 in Polearms
   809 | D:2      | Reached XP level 3. HP: 26/26 MP: 3/3
  1174 | D:2      | Reached skill level 4 in Polearms
  1491 | D:2      | Reached XP level 4. HP: 24/31 MP: 4/4
  1576 | D:2      | Found a blossoming altar of Fedhas.
  1670 | D:2      | Found a shimmering altar of Xom.
  2204 | D:3      | Found a hazy altar of Hepliaklqana.
  2204 | D:3      | Found a basalt altar of Yredelemnul.
  2305 | D:3      | Noticed Terence
  2322 | D:3      | Killed Terence
  2322 | D:3      | Reached skill level 5 in Polearms
  2322 | D:3      | Reached XP level 5. HP: 34/36 MP: 5/5
  2985 | D:3      | Found a sacrificial altar of Ru.
  3058 | D:3      | Noticed an ogre
  3275 | D:3      | Killed an ogre
  3275 | D:3      | Reached XP level 6. HP: 42/42 MP: 6/6
  3314 | D:3      | Noticed a sky beast
  3340 | D:3      | Killed a sky beast
  3887 | D:4      | Found a staircase to the Ecumenical Temple.
  3897 | Temple   | Entered the Ecumenical Temple
  3936 | Temple   | Became a worshipper of Gozag Ym Sagoz the Greedy
  3977 | D:4      | Reached XP level 7. HP: 42/46 MP: 7/7
  4263 | D:4      | Found a hide-covered altar of Uskayaw.
  4483 | D:5      | Entered Level 5 of the Dungeon
  4496 | D:5      | Reached skill level 5 in Dodging
  4496 | D:5      | Reached skill level 5 in Shields
  4844 | D:5      | Found a glowing silver altar of Zin.
  5425 | D:5      | Reached XP level 8. HP: 30/52 MP: 8/8
  5986 | D:6      | Noticed Sigmund
  5992 | D:6      | Found a snail-covered altar of Cheibriados.
  5992 | D:6      | Found a bloodstained altar of Trog.
  6010 | D:6      | Killed Sigmund
  6244 | D:6      | Noticed Blork the orc
  6257 | D:6      | Killed Blork the orc
  6257 | D:6      | Reached skill level 5 in Fighting
  6371 | D:6      | Noticed Grinder
  7107 | D:7      | Reached XP level 9. HP: 64/64 MP: 9/9
  7430 | D:7      | Found Aghigh's General Store.
  7433 | D:7      | Bought a scroll of fear for 45 gold pieces
  7433 | D:7      | Bought a potion of haste for 130 gold pieces
  7433 | D:7      | Bought a scroll of identify for 26 gold pieces
  7720 | D:7      | Found a shadowy altar of Dithmenos.
  8561 | D:8      | Noticed a two-headed ogre
  8950 | D:8      | Noticed a two-headed ogre
  9177 | D:8      | Killed a two-headed ogre
  9177 | D:8      | Reached XP level 10. HP: 64/78 MP: 10/10
 10132 | D:8      | Reached skill level 6 in Polearms
 10952 | D:9      | Found an ornate altar of the Wu Jian Council.
 11368 | D:9      | Noticed Psyche
 11381 | D:9      | Killed Psyche
 11381 | D:9      | Reached skill level 7 in Polearms
 11521 | D:9      | Found a staircase to the Orcish Mines.
 11776 | D:10     | Entered Level 10 of the Dungeon
 12168 | D:10     | Found the +8 longbow "Zephyr" {speed, Dex+3 SInv}
 12725 | D:10     | Found Wattag's Book Shoppe.
 12754 | D:10     | Reached skill level 8 in Polearms
 12860 | D:10     | Got a slimy platinum amulet
 12865 | D:10     | Identified the amulet of the Tired Tales {RegenMP rF++ rC-
                  | Int+6} (You found it on level 10 of the Dungeon)
 12978 | D:10     | Reached XP level 11. HP: 83/83 MP: 11/11
 13211 | D:10     | Noticed an unseen horror
 13224 | D:10     | Killed an unseen horror
 13948 | D:10     | Noticed a hell knight
 14002 | D:10     | Reached skill level 9 in Polearms
 15298 | D:11     | Found a staircase to the Lair.
 16248 | D:7      | Bought a scroll of acquirement for 676 gold pieces
 16249 | D:7      | Got a pitted steel ring
 16250 | D:7      | Identified the ring of the Empty Page {+Fly rElec Str-3
                  | Dex+4} (You acquired it on level 7 of the Dungeon)
 16340 | Lair:1   | Entered Level 1 of the Lair of Beasts
 16479 | Lair:1   | I don't think I'm gonna go zephyr :(
 16517 | Lair:1   | Reached skill level 10 in Dodging
 17696 | Lair:1   | Reached skill level 10 in Polearms
 20181 | Lair:1   | Reached XP level 12. HP: 58/90 MP: 12/12
 21371 | Lair:2   | Noticed a five-headed hydra
 21804 | Lair:2   | Noticed Fannar
 22334 | Lair:2   | Found a staircase to the Swamp.
 22568 | Lair:2   | Found a runed door.
 22572 | Lair:2   | Noticed IsvaffelMax's ghost (journeyman TrCK)
 22759 | Lair:1   | Reached skill level 11 in Polearms
 23941 | Lair:3   | Noticed a death yak
 23941 | Lair:3   | Noticed a death yak
 23942 | Lair:3   | Noticed a death yak
 23942 | Lair:3   | Noticed a death yak
 26058 | Lair:4   | finally
 26149 | Lair:4   | Reached skill level 12 in Polearms
 26911 | Lair:4   | Reached XP level 13. HP: 94/95 MP: 13/13
 27796 | Lair:4   | Found a hole to the Spider Nest.
 28034 | Lair:5   | Reached skill level 10 in Shields
 28488 | D:10     | Bought a book of Beasts for 880 gold pieces
 28492 | D:10     | Learned a level 3 spell: Call Canine Familiar
 28795 | Lair:5   | Reached skill level 1 in Summonings
 28807 | Lair:4   | Reached skill level 1 in Spellcasting
 29169 | Lair:5   | HP: 4/95 [something (10)]
 30288 | Lair:5   | Found a staircase to the Slime Pits.
 31223 | Lair:6   | Entered Level 6 of the Lair of Beasts
 32471 | Lair:3   | Reached skill level 5 in Summonings
 33073 | Lair:5   | Reached skill level 5 in Spellcasting
 34948 | D:11     | Learned a level 4 spell: Summon Ice Beast
 35106 | D:12     | Reached skill level 1 in Ice Magic
 35289 | D:12     | Noticed Erolcha
 35778 | D:12     | Noticed an orc warlord
 35981 | Lair:4   | Bought the ring of the Mage {Wiz MR++ Int+3} for 775 gold
                  | pieces
 35981 | Lair:4   | Found the ring of the Mage {Wiz MR++ Int+3}
 36784 | Lair:3   | Reached XP level 14. HP: 57/101 MP: 18/23
 37027 | Lair:3   | Found the macabre finger necklace {rN+}
 37678 | Lair:3   | Identified Joofoc's Volume of Virous Earth
 38126 | Lair:2   | Killed Fannar
 38457 | D:12     | Killed an orc warlord
 40585 | D:12     | Killed Erolcha
 40628 | D:12     | Found a roughly hewn altar of Beogh.
 41261 | D:13     | You fall through a shaft for 2 floors!
 41261 | D:15     | Entered Level 15 of the Dungeon
 41966 | D:13     | Noticed Kirke
 42476 | D:12     | Noticed a sphinx
 42482 | D:12     | Killed Kirke
 43009 | D:13     | Noticed Azrael
 43052 | D:13     | Killed Azrael
 44877 | D:14     | Killed from afar by a gargoyle

Vault maps used:
D:1:      erik_arrival_orb_chamber, supply_closet_lemuel, minivault_23
D:2:      lemuel_crystal_altar, first_ration, fedhas_altar_4
D:3:      minmay_recursive_quarters, yredelemnul_altar_generic,
          overflow_temple_1_default, nicolae_ru_the_path_less_chosen,
          kennysheep_path_1, uniq_terence
D:4:      nicolae_overflow_crystal_walls, minmay_temple_entry_statues_fountains
D:5:      serial_undead, serial_undead_e, serial_undead_d, serial_undead_a,
          serial_undead_b, basic_altar, kb_lookout_dungeons_type,
          kennysheep_donut
D:6:      chequers_temple_overflow_statue_of_worship, nrook_campfire,
          uniq_blork_the_orc, uniq_sigmund, uniq_grinder
D:7:      marbit_many_paths, serial_shops, nicolae_shop_behind_doors, the_bakery
D:9:      lemuel_doored_altar, orc_0_dummy, uniq_psyche
D:10:     serial_shops, shop, nzn_random_ring
D:11:     lair_entry_dummy, roderic_filled_cross, grunt_ministairs_4
D:12:     orc_temple, uniq_erolcha
D:13:     grunt_vaults_entry_fortified, uniq_kirke, uniq_azrael
D:14:     chequers_serial_rivers_small_3
D:15:     grunt_enter_depths_snipers, serial_park_square3, lemuel_flame_loot_1
Temple:   minmay_temple_bridge_abc
Lair:1:   special_room
Lair:2:   swamp_mist_pool, ebering_ghost_inner_flame, minmay_lair_oklob_chamber,
          uniq_fannar
Lair:3:   statuecave_lemuel
Lair:4:   nicolae_spider_entry_tight_spaces, lookout_lair_type,
          serial_bayou_pond_c
Lair:5:   beast_lair_carwin_large_4, nicolae_slime_entry_slimehenge,
          chequers_serial_rivers_micro_b, hangedman_lair_generics_rect
Lair:6:   evil_forest, st_stairs_11

Skill      XL: |  1  2  3  4  5  6  7  8  9 10 11 12 13 14 |
---------------+-------------------------------------------+-----
Polearms       | 3 4 5 8 10 12 | 12.5
Dodging        | 4 5 6 8 10 11 | 11.0
Shields        | 4 5 6 9 10 | 10.0
Fighting       | 7 11 | 11.0
Summonings     | 6 9 |  9.5
Spellcasting   | 6 8 |  8.7
Ice Magic      | 2 4 |  4.0

Action                   |  1- 3 |  4- 6 |  7- 9 | 10-12 | 13-15 || total
-------------------------+-------+-------+-------+-------+-------++-------
Melee: Trident           |    35 |   116 |   276 |  1071 |  1539 ||  3037
       Tentacles         |    11 |    17 |    58 |   290 |   345 ||   721
       Constrict         |    19 |    27 |    61 |   119 |    85 ||   311
       Spear             |    58 |    12 |       |       |       ||    70
       Unarmed           |       |     8 |    11 |     6 |       ||    25
Throw: Tomahawk          |     4 |     5 |    14 |    27 |       ||    50
       Stone             |       |       |     1 |    47 |   156 ||   204
 Cast: Call Canine Famil |       |       |       |       |    14 ||    14
       Summon Ice Beast  |       |       |       |       |    40 ||    40
Invok: Potion Petition   |       |       |       |     3 |       ||     3
       Call Merchant     |       |       |       |       |     1 ||     1
Evoke: Wand              |       |       |    11 |     3 |    32 ||    46
       Box of beasts     |       |       |       |     2 |       ||     2
       Lightning rod     |       |       |       |       |     2 ||     2
  Use: Scroll            |     2 |     8 |     4 |    12 |    11 ||    37
       Potion            |       |     1 |     2 |     5 |     8 ||    16
 Stab: Sleeping          |    10 |     5 |    13 |     9 |    11 ||    48
       Distracted        |       |       |     1 |     2 |    14 ||    17
       Invisible         |       |       |       |       |     6 ||     6
  Eat: Chunk             |     2 |     8 |       |       |       ||    10
       Ration            |       |       |     5 |    17 |    18 ||    40
Armor: Skin              |     3 |    11 |    11 |   145 |    16 ||   186
Dodge: Dodged            |    15 |    38 |    99 |   572 |   460 ||  1184
Block: Shield            |    22 |    38 |   114 |   486 |   430 ||  1090

Table legend:
 A = Non-vault XP
 B = Vault XP
 C = Vault XP percentage of total XP
 D = Non-vault monster count
 E = Vault monster count
 F = Vault count percentage of total count
                 A         B        C        D         E       F
            +---------+---------+-------+---------+---------+-------
      Total |   49677 |   28853 |  36.7 |     377 |     161 |  29.9
            +---------+---------+-------+---------+---------+-------
        D:1 |      19 |      12 |  38.7 |      11 |      12 |  52.2
        D:2 |      57 |       0 |   0.0 |      27 |       0 |   0.0
        D:3 |     383 |      61 |  13.7 |      31 |       9 |  22.5
        D:4 |     163 |       0 |   0.0 |      11 |       0 |   0.0
        D:5 |     230 |     308 |  57.2 |       8 |      16 |  66.7
        D:6 |     251 |     323 |  56.3 |      15 |       2 |  11.8
        D:7 |    1801 |     208 |  10.4 |      35 |       2 |   5.4
        D:8 |    1743 |       0 |   0.0 |      14 |       0 |   0.0
        D:9 |    1652 |     434 |  20.8 |      24 |       1 |   4.0
       D:10 |    1615 |    3004 |  65.0 |      16 |      18 |  52.9
       D:11 |    1900 |     530 |  21.8 |      26 |       4 |  13.3
       D:12 |    4053 |    8206 |  66.9 |      20 |      26 |  56.5
       D:13 |    5080 |    3343 |  39.7 |      23 |      11 |  32.4
       D:14 |     903 |       0 |   0.0 |       3 |       0 |   0.0
       D:15 |    2805 |      84 |   2.9 |       5 |       1 |  16.7
     Lair:1 |    5443 |    2036 |  27.2 |      27 |      28 |  50.9
     Lair:2 |    1989 |     991 |  33.3 |      13 |       1 |   7.1
     Lair:3 |    9615 |    2964 |  23.6 |      27 |       4 |  12.9
     Lair:4 |    5037 |    1547 |  23.5 |      21 |       6 |  22.2
     Lair:5 |    4938 |    4802 |  49.3 |      20 |      20 |  50.0
            +---------+---------+-------+---------+---------+-------
